 Dungeon Crawl Stone Soup version 0.23-a0-644-gb60d84b635 (webtiles) character file.

752 HereIgoKillingAgain the Changer (level 7, -1/48 HPs)
             Began as a Demonspawn Transmuter on Jan 1, 2019.
             Slain by an iguana (8 damage)
             ... on level 4 of the Dungeon.
             The game lasted 00:07:27 (4802 turns).

HereIgoKillingAgain the Changer (DsTm)              Turns: 4802, Time: 00:07:28

Health: -1/48      AC:  4    Str: 10    XL:     7   Next: 49%
Magic:  7/11       EV: 12    Int: 16    God:
Gold:   104        SH:  0    Dex: 14    Spells: 5/11 levels left

rFire    . . .     SeeInvis .     - Unarmed
rCold    . . .     Gourm    .   (no shield)
rNeg     . . .     Faith    .   b - +0 robe
rPois    .         Spirit   .   (no helmet)
rElec    .         Reflect  .   (no cloak)
rCorr    .         Harm     .   (no gloves)
MR       .....                  (no boots)
Stlth    +.........             c - amulet of regeneration
HPRegen  0.56/turn              j - ring of flight
MPRegen  0.12/turn              (no ring)

@: no status effects
A: hooves 2, slimy green scales 1, powered by death 2
a: Evoke Flight


You were on level 4 of the Dungeon.
You were very hungry.

You visited 1 branch of the dungeon, and saw 4 of its levels.

You collected 104 gold pieces.

Inventory:

Missiles
 a - 24 arrows
Armour
 b - a +0 robe (worn)
Jewellery
 c - an amulet of regeneration (around neck)
 j - a ring of flight (left hand)
Scrolls
 e - 2 scrolls of immolation
 f - 4 scrolls of remove curse
 h - a scroll of enchant weapon
 i - a scroll of amnesia {unknown}
Potions
 g - a potion of experience {unknown}
 k - 2 potions of curing
Comestibles
 d - 4 rations


   Skills:
 - Level 1.0 Fighting
 - Level 1.7 Dodging
 + Level 4.9 Unarmed Combat
 - Level 2.8 Spellcasting
 * Level 6.2 Transmutations


You had 5 spell levels left.
You knew the following spells:

 Your Spells              Type           Power        Failure   Level  Hunger
a - Beastly Appendage     Tmut           ###...       1%          1    #......
b - Sticks to Snakes      Tmut           ###.....     2%          2    ##.....
c - Spider Form           Tmut/Pois      ##........   16%         3    ###....

Your spell library contained the following spells:

 Spells                   Type           Power        Failure   Level  Hunger
 Blade Hands              Tmut           ###.......   38%         5    ######.
 Ice Form                 Ice/Tmut       ##......     45%         4    #####..


Dungeon Overview and Level Annotations

Branches:
Dungeon (4/15)
 Temple: D:4-7

Altars:
Ashenzari
Gozag
Makhleb
Nemelex Xobeh
Qazlal
Yredelemnul


Innate Abilities, Weirdness & Mutations

You have hoof-like feet.
You are partially covered in slimy green scales. (AC +2)
You regenerate health from kills.


Message History

The worker ant bites you. The iguana bites you!
There are monsters nearby!
Casting: Sticks to Snakes (safe; 2% risk of failure)
Confirm with . or Enter, or press ? or * to list all spells.
You create a snake!
You now have 25 arrows.
The worker ant barely misses you. The iguana bites you.
The worker ant bites you but does no damage.
The iguana bites you!
Casting: Sticks to Snakes (safe; 2% risk of failure)
Confirm with . or Enter, or press ? or * to list all spells.
You create a snake!
You now have 24 arrows.
The worker ant barely misses you. The iguana bites you!
* * * LOW HITPOINT WARNING * * *
The worker ant barely misses you. The worker ant barely misses you.
Your ball python barely misses the worker ant.
Your ball python grabs the worker ant.
Your ball python constricts the worker ant.
The iguana bites you!
You die...

## #..# ..## ..
....# ...# ..
#..... ...# ..
###..... ###..#
..##.#.....###...#
.........###...S.#
.....#.###...###@#
..........(###.al#
.........###..S..#
.....#.###!.....(#
.....#...###.....#
......#....###....
.............###..#
.."..(..#.........#
........#....## #?#


You could see an iguana, a worker ant and 2 friendly ball pythons.

Vanquished Creatures
  An orc warrior (D:4)
  3 ogres (D:4)
  A scorpion (D:4)
  A hound (D:3)
  An orc wizard (D:4)
  A worker ant (D:4)
  6 adders
  An ooze (D:3)
  A worm (D:2)
  A dart slug (D:1)
  5 leopard geckos
  12 orcs
  3 giant cockroaches
  6 goblins
  6 hobgoblins
  8 jackals
  5 kobolds
  2 quokkas (D:3)
  A ball python (D:4)
  7 bats
  7 frilled lizards
  6 rats
85 creatures vanquished.

Vanquished Creatures (collateral kills)
  2 ogres (D:4)
  An orc wizard (D:4)
  A hound skeleton (D:4)
  7 orcs
  2 goblins (D:3)
  A rat (D:3)
14 creatures vanquished.

Vanquished Creatures (others)
  4 toadstools (D:1)
4 creatures vanquished.

Grand Total: 103 creatures vanquished

Notes
Turn   | Place    | Note
-------+----------+-------------------------------------------
     0 | D:1      | HereIgoKillingAgain the Demonspawn Transmuter began the
                  | quest for the Orb.
     0 | D:1      | Reached XP level 1. HP: 15/15 MP: 3/3
   291 | D:1      | Reached skill level 2 in Transmutations
   495 | D:1      | Gained mutation: You regenerate a little health from kills.
                  | [demonic ancestry]
   495 | D:1      | Reached XP level 2. HP: 20/21 MP: 3/5
   868 | D:1      | Found an opulent altar of Gozag.
   962 | D:1      | Gained mutation: You are partially covered in slimy green
                  | scales. (AC +2) [demonic ancestry]
   962 | D:1      | Reached XP level 3. HP: 8/26 MP: 6/6
  1424 | D:1      | Learned a level 2 spell: Sticks to Snakes
  1428 | D:1      | Learned a level 3 spell: Spider Form
  2083 | D:2      | Reached skill level 3 in Transmutations
  2421 | D:2      | Found a stormy altar of Qazlal.
  2422 | D:2      | Found a basalt altar of Yredelemnul.
  2635 | D:2      | Gained mutation: You regenerate health from kills. [demonic
                  | ancestry]
  2635 | D:2      | Reached XP level 4. HP: 24/32 MP: 5/7
  3786 | D:3      | Found a burning altar of Makhleb.
  3786 | D:3      | Found a shattered altar of Ashenzari.
  3910 | D:4      | Noticed an ogre
  3931 | D:4      | Noticed an ogre
  3945 | D:3      | Gained mutation: You have large cloven feet. [demonic
                  | ancestry]
  3945 | D:3      | Reached XP level 5. HP: 14/37 MP: 1/9
  4111 | D:4      | Reached skill level 4 in Transmutations
  4121 | D:4      | Killed an ogre
  4126 | D:4      | Noticed an ogre
  4256 | D:4      | Noticed an orc warrior
  4424 | D:4      | Noticed an ogre
  4436 | D:4      | Killed an ogre
  4436 | D:4      | Reached XP level 6. HP: 31/43 MP: 4/10
  4499 | D:4      | Found a sparkling altar of Nemelex Xobeh.
  4536 | D:4      | Reached skill level 5 in Transmutations
  4587 | D:4      | Killed an orc warrior
  4595 | D:4      | Gained mutation: You have hoof-like feet. [demonic
                  | ancestry]
  4595 | D:4      | Reached XP level 7. HP: 42/48 MP: 6/11
  4645 | D:4      | Reached skill level 6 in Transmutations
  4802 | D:4      | Slain by an iguana

Vault maps used:
D:1:      ldierk_water_garden, wad_floor_pattern_1, kennysheep_flooded_box,
          ebering_dispersal_statue_hall, serial_bayou_lake_a
D:2:      gammafunk_temple_overflow_statue, dk_noncrumbling_2
D:3:      gammafunk_temple_overflow_pools
D:4:      nemelex_xobeh_ov_fountains_minmay, first_ration, minmay_unequal

Skill      XL: |  1  2  3  4  5  6  7 |
---------------+----------------------+-----
Transmutations | 2 3 4 5 6 |  6.2
Unarmed Combat | 3 4 |  4.9
Fighting       | |  1.0
Dodging        | |  1.7
Spellcasting   | |  2.8

Action                   |  1- 3 |  4- 6 |  7- 9 || total
-------------------------+-------+-------+-------++-------
Melee: Unarmed           |   209 |   199 |    39 ||   447
       Kick              |     7 |     9 |    10 ||    26
       Headbutt          |     1 |       |     1 ||     2
       Punch             |     1 |       |     1 ||     2
 Cast: Beastly Appendage |    11 |     5 |     1 ||    17
       Sticks to Snakes  |       |    22 |     7 ||    29
       Spider Form       |       |     5 |       ||     5
  Use: Potion            |     2 |     3 |       ||     5
       Scroll            |       |     5 |       ||     5
 Stab: Sleeping          |     2 |       |       ||     2
       Distracted        |       |     1 |     1 ||     2
  Eat: Chunk             |     1 |     6 |     1 ||     8
       Ration            |     1 |     1 |       ||     2
Armor: Robe              |    45 |    43 |     6 ||    94
       Skin              |    20 |     1 |     1 ||    22
Dodge: Dodged            |   176 |   198 |    28 ||   402

Table legend:
 A = Non-vault XP
 B = Vault XP
 C = Vault XP percentage of total XP
 D = Non-vault monster count
 E = Vault monster count
 F = Vault count percentage of total count
                 A         B        C        D         E       F
            +---------+---------+-------+---------+---------+-------
      Total |    1070 |       5 |   0.5 |      97 |       2 |   2.0
            +---------+---------+-------+---------+---------+-------
        D:1 |      52 |       0 |   0.0 |      30 |       0 |   0.0
        D:2 |      61 |       0 |   0.0 |      14 |       0 |   0.0
        D:3 |     115 |       0 |   0.0 |      26 |       0 |   0.0
        D:4 |     842 |       5 |   0.6 |      27 |       2 |   6.9
            +---------+---------+-------+---------+---------+-------
